[Event "Titled Tuesday Blitz May 23 Early 2023"]
[White "Rostovtsev, Dmitry"]
[Black "Estrada Nieto, Julian"]
[WhiteFideId "34278320"]
[BlackFideId "5101018"]
[WhiteElo "2344"]
[BlackElo "2161"]
[Result "1-0"]
[Round "03"]
[TimeControl "180+2"]
[Date "2023.05.23"]
[WhiteClock "0:00:18"]
[BlackClock "0:00:00"]

1. e4 e5 2. Nf3 Nc6 3. Bb5 a6 4. Ba4 Nf6 5. O-O Be7 6. d3 b5 7. Bb3 d6 8. a3 O-O 9. Nc3 Na5 10. Ba2 c5 11. Bg5 Be6 12. Bxf6 Bxf6 13. Nd5 Nc6 14. c3 g6 15. a4 Bg7 16. Qd2 Rb8 17. Ng5 Bd7 18. f4 b4 19. Bc4 Na5 20. fxe5 Nxc4 21. dxc4 Bxe5 22. Nf3 bxc3 23. bxc3 Bg7 24. Qd3 Rb2 25. a5 Re8 26. Rfe1 Bc6 27. Nd2 Qg5 28. Re2 Qh5 29. Rae1 Be5 30. Nf3 Rxe2 31. Rxe2 Rb8 32. Ne7+ Kg7 33. Nxc6 Rb3 34. Ncxe5 dxe5 35. Qd5 Rxc3 36. Qxe5+ Qxe5 37. Nxe5 f6 38. Nd7 Rxc4 39. e5 fxe5 40. Rxe5 Rc1+ 41. Kf2 c4 42. Nc5 c3 43. Nxa6 Ra1 44. Nb4 Ra4 45. Rb5 Ra1 46. Ke3 Rb1 47. Kd3 Rb3 48. a6 Ra3 49. Rb7+ Kf6 50. a7 h5 51. Rb6+ Ke5 52. Ra6 Rb3 53. a8=Q Rxb4 54. Ra5+ Kf6 55. Qc6+ Kg7 56. Qxc3+ 1-0


[Site "https://www.chess.com"]

[Event "Titled Tuesday Blitz May 23 Early 2023"]
[White "Tanmay Jain"]
[Black "Sattarov, Bobir"]
[WhiteFideId "45015481"]
[BlackFideId "14203081"]
[WhiteElo "2032"]
[BlackElo "2351"]
[Result "0-1"]
[Round "03"]
[TimeControl "180+2"]
[Date "2023.05.23"]
[WhiteClock "0:00:00"]
[BlackClock "0:01:20"]

1. e4 c5 2. Nf3 g6 3. g3 Bg7 4. Bg2 Nc6 5. O-O e6 6. c3 d5 7. exd5 Qxd5 8. d4 cxd4 9. Nxd4 Qc5 10. Nxc6 bxc6 11. Be3 Qb5 12. Na3 Qa6 13. Qd6 Ne7 14. Rad1 Nd5 15. c4 Bf8 16. Qe5 f6 17. Qd4 e5 18. Qd2 Nxe3 19. Qd8+ Kf7 20. fxe3 f5 21. Rd2 Qb6 22. Rd7+ Bxd7 23. Qxd7+ Be7 24. Bxc6 Rhd8 25. Bd5+ Kf6 26. Qa4 Qxe3+ 27. Kh1 Rab8 28. Qc6+ Rd6 29. Qc7 Rxb2 30. Nb5 Rxd5 0-1


[Site "https://www.chess.com"]

[Event "Titled Tuesday Blitz May 23 Early 2023"]
[White "Trakru, Rohun"]
[Black "Ilamparthi A R"]
[WhiteFideId "2097613"]
[BlackFideId "45015775"]
[WhiteElo "1852"]
[BlackElo "2348"]
[Result "0-1"]
[Round "03"]
[TimeControl "180+2"]
[Date "2023.05.23"]
[WhiteClock "0:00:08"]
[BlackClock "0:00:49"]

1. e4 c5 2. Nc3 d6 3. d4 cxd4 4. Qxd4 Nc6 5. Qd2 g6 6. b3 Bh6 7. f4 Nf6 8. Bb2 O-O 9. O-O-O e5 10. g3 Re8 11. Nge2 Bg4 12. Bg2 exf4 13. gxf4 Bxe2 14. Nxe2 Nxe4 15. Qe3 Qe7 16. Kb1 Bg7 17. Bxg7 Kxg7 18. Nd4 Nb4 19. f5 Nd5 20. Qf3 Ndc3+ 21. Kb2 Nxd1+ 22. Rxd1 Qf6 23. fxg6 Qxf3 24. Bxf3 hxg6 0-1


[Site "https://www.chess.com"]

[Event "Titled Tuesday Blitz May 23 Early 2023"]
[White "Khamdamova, Afruza"]
[Black "Harsh Suresh"]
[WhiteFideId "14210444"]
[BlackFideId "45018464"]
[WhiteElo "2312"]
[BlackElo "2209"]
[Result "0-1"]
[Round "03"]
[TimeControl "180+2"]
[Date "2023.05.23"]
[WhiteClock "0:00:00"]
[BlackClock "0:00:03"]

1. e4 c6 2. d4 d5 3. Nc3 dxe4 4. Nxe4 Bf5 5. Ng3 Bg6 6. h4 h6 7. Nf3 Nd7 8. Bd3 Bxd3 9. Qxd3 e6 10. Bf4 Ngf6 11. O-O-O Qa5 12. Kb1 Be7 13. Ne4 Nxe4 14. Qxe4 Nf6 15. Qe2 Qb5 16. Qxb5 cxb5 17. Ne5 Nd5 18. Bg3 Rc8 19. Rhe1 O-O 20. h5 b4 21. f3 a5 22. Bf2 Rc7 23. Nd3 Rfc8 24. Re2 Bf6 25. g4 Rc4 26. Ne5 Bxe5 27. dxe5 Kf8 28. Rd4 b5 29. Red2 Ke7 30. Rxc4 bxc4 31. Rd4 a4 32. f4 a3 33. f5 axb2 34. Kxb2 Rc6 35. Be1 Rc5 36. Bh4+ Kf8 37. f6 Kg8 38. g5 hxg5 39. Bxg5 gxf6 40. Bxf6 Nxf6 41. exf6 Rc7 42. Rg4+ Kh7 43. c3 bxc3+ 44. Kxc3 Ra7 45. a4 Kh6 46. Rxc4 Kxh5 47. Kb4 Kg5 48. a5 Kxf6 49. Kb5 Ke5 50. Kb6 Ra8 51. Rc1 f5 52. Re1+ Kf6 53. a6 e5 54. a7 e4 55. Ra1 Ke5 56. Kc5 f4 57. Kc4 f3 58. Kc3 Kf4 59. Kd2 e3+ 60. Kd3 Rd8+ 61. Kc3 e2 62. Rh1 Ke3 0-1


[Site "https://www.chess.com"]

[Event "Titled Tuesday Blitz May 23 Early 2023"]
[White "Rengifo Blancas, Renzo Jhonathan"]
[Black "Boyer, Mahel"]
[WhiteFideId "3807185"]
[BlackFideId "45102422"]
[WhiteElo "2085"]
[BlackElo "2439"]
[Result "1-0"]
[Round "03"]
[TimeControl "180+2"]
[Date "2023.05.23"]
[WhiteClock "0:00:11"]
[BlackClock "0:00:10"]

1. e4 c5 2. c3 e6 3. d4 d5 4. e5 Nc6 5. Nf3 Nh6 6. a3 Nf5 7. b4 cxd4 8. cxd4 Bd7 9. Bb2 b5 10. Bxb5 Nxe5 11. Bxd7+ Nxd7 12. O-O Bd6 13. Ne5 O-O 14. Nd2 Rc8 15. Nb3 Nb6 16. Nc5 Re8 17. Re1 Qh4 18. Rc1 Bxe5 19. dxe5 Nc4 20. Qb3 h5 21. Rc3 Nd4 22. Qa2 Nf5 23. Rh3 Qg4 24. Qb3 a5 25. Bc3 axb4 26. axb4 Ra8 27. Qd1 Rec8 28. Rxh5 Qxd1 29. Rxd1 d4 30. Be1 Nxe5 31. Rh3 Ra2 32. Rb3 g5 33. Bd2 g4 34. Bf4 Ng6 35. Bg3 e5 36. Ne4 Kg7 37. b5 f6 38. b6 Rb8 39. b7 Ra7 40. Rdb1 Nge7 41. Nc5 Nd6 42. f4 Nc6 43. fxe5 fxe5 44. Rb6 Na5 45. Rxd6 Nc4 46. Rc6 Kf7 47. Rc8 Raxb7 48. Rxb7+ Rxb7 49. Nxb7 Ke6 50. Rxc4 Kd5 51. Rc1 e4 52. Kf2 e3+ 53. Ke2 Ke4 54. Nc5+ Kd5 55. Nd3 Ke4 56. Nb2 Kd5 57. Kd3 e2 58. Kxe2 Ke4 59. Rd1 d3+ 60. Nxd3 Kf5 61. Ke3 Kg5 62. Ke4 Kh5 63. Ra1 1-0


[Site "https://www.chess.com"]

[Event "Titled Tuesday Blitz May 23 Early 2023"]
[White "Yurasova, Daria"]
[Black "Smirnov, Pavel"]
[WhiteFideId "34146919"]
[BlackFideId "4123425"]
[WhiteElo "2109"]
[BlackElo "2520"]
[Result "1-0"]
[Round "03"]
[TimeControl "180+2"]
[Date "2023.05.23"]
[WhiteClock "0:00:05"]
[BlackClock "0:00:00"]

1. d4 Nf6 2. Bg5 d5 3. Bxf6 exf6 4. e3 Bd6 5. g3 O-O 6. Bg2 c6 7. Ne2 f5 8. Nd2 Be6 9. O-O Nd7 10. Rc1 Nf6 11. c4 Qe7 12. a3 g6 13. Qb3 dxc4 14. Qc2 b5 15. Bxc6 Rab8 16. Nc3 a6 17. Bg2 a5 18. Ne2 Rfc8 19. Nf3 c3 20. bxc3 Bxa3 21. Rb1 b4 22. Ne5 b3 23. Qd1 Rb6 24. c4 Rxc4 25. Rxb3 Rxb3 26. Qxb3 Rc8 27. Qb5 Qb4 28. Qa6 Bb2 29. Nf4 Re8 30. Rb1 Qc3 31. Nxe6 Rxe6 32. Qa8+ Kg7 33. Qb7 Qc2 34. Qxf7+ Kh6 35. Rxb2 Qc1+ 36. Bf1 Qxb2 37. Qxe6 Ne4 38. Ng4+ Kh5 39. Nf6+ Nxf6 40. Qxf6 a4 41. h4 Kh6 42. g4 fxg4 43. Qg5+ Kg7 44. Qe5+ 1-0


[Site "https://www.chess.com"]

[Event "Titled Tuesday Blitz May 23 Early 2023"]
[White "Ordekalog"]
[Black "Schmakel, Sam"]
[BlackFideId "2039311"]
[WhiteElo "2496"]
[BlackElo "2356"]
[Result "0-1"]
[Round "03"]
[TimeControl "180+2"]
[Date "2023.05.23"]
[WhiteClock "0:00:35"]
[BlackClock "0:01:08"]

1. e4 g6 2. d3 Bg7 3. g3 c5 4. Bg2 Nc6 5. f4 e6 6. Nf3 Nge7 7. c3 d5 8. O-O O-O 9. e5 d4 10. c4 a6 11. a4 Nb4 12. Qe2 Bd7 13. g4 b5 14. axb5 axb5 15. Rxa8 Qxa8 16. Na3 bxc4 17. Nxc4 Qa2 18. Ng5 Bb5 19. f5 exf5 20. gxf5 Nxf5 21. Rxf5 gxf5 22. e6 Qb1 23. Qh5 Qxc1+ 24. Bf1 h6 25. exf7+ Kh8 26. Ne6 Bxc4 27. dxc4 Qe3+ 0-1


[Site "https://www.chess.com"]

[Event "Titled Tuesday Blitz May 23 Early 2023"]
[White "Devaev, Alexander"]
[Black "Ioannidis, Evgenios"]
[WhiteFideId "4169395"]
[BlackFideId "4229274"]
[WhiteElo "2172"]
[BlackElo "2386"]
[Result "0-1"]
[Round "03"]
[TimeControl "180+2"]
[Date "2023.05.23"]
[WhiteClock "0:00:00"]
[BlackClock "0:00:09"]

1. Nf3 d5 2. c4 d4 3. d3 Nc6 4. a3 a5 5. e3 e5 6. Be2 Nf6 7. O-O Bd6 8. b3 O-O 9. exd4 Nxd4 10. Nxd4 exd4 11. Bg5 c5 12. Bf3 Qc7 13. Bxf6 gxf6 14. g3 Bf5 15. Bd5 Rae8 16. Qf3 Re5 17. Nd2 Rfe8 18. Bxb7 Bxd3 19. Qxd3 Qxb7 20. Nf3 Re4 21. Rab1 f5 22. Nh4 f4 23. Nf3 Qe7 24. Kg2 f5 25. b4 axb4 26. axb4 fxg3 27. hxg3 f4 28. bxc5 Bxc5 29. Rfe1 fxg3 30. Rxe4 Qxe4 31. Qxe4 Rxe4 32. Kxg3 Bd6+ 33. Kg2 Rg4+ 34. Kf1 Rf4 35. Kg2 h5 36. Rb5 h4 37. Rg5+ Kf8 38. Nd2 Ke7 39. f3 Ke6 40. Ne4 Be7 41. Rh5 Rf8 42. Rh6+ Kd7 43. Rh7 d3 44. Kf2 Rc8 45. Ke3 Rxc4 46. Kxd3 Rc6 47. Ke3 Rg6 48. Kf4 Ke6 49. Rh8 Rg2 50. Ke3 Rg7 51. Rh6+ Kf7 52. Rh5 Rg6 53. Kf4 Ke6 54. Rh7 Rg8 55. Ke3 Rg1 56. Rh5 Kf7 57. Kf4 Kg6 58. Rb5 h3 59. Ke3 h2 60. Rb6+ Kg7 61. Nf2 Bc5+ 62. Kf4 Bxb6 63. Ng4 Rxg4+ 0-1


[Site "https://www.chess.com"]

[Event "Titled Tuesday Blitz May 23 Early 2023"]
[White "Kulkarni, Rakesh"]
[Black "Wagner, Dennis"]
[WhiteFideId "5037077"]
[BlackFideId "24650684"]
[WhiteElo "2252"]
[BlackElo "2478"]
[Result "0-1"]
[Round "03"]
[TimeControl "180+2"]
[Date "2023.05.23"]
[WhiteClock "0:00:44"]
[BlackClock "0:00:48"]

1. e4 c5 2. c3 e6 3. d4 d5 4. exd5 exd5 5. Nf3 Nc6 6. Bd3 Bd6 7. O-O Nge7 8. dxc5 Bxc5 9. Nbd2 O-O 10. Nb3 Bb6 11. Bf4 Bg4 12. h3 Bh5 13. Re1 Re8 14. Bxh7+ Kh8 15. Bc2 Ng6 16. Bh2 Rxe1+ 17. Qxe1 Bxf3 18. gxf3 Nh4 19. Qf1 Nxf3+ 20. Kh1 Nxh2 21. Kxh2 Qh4 22. Rd1 Bxf2 23. Qd3 Ne5 24. Qf5 Qg3+ 25. Kh1 g6 26. Qf6+ Kg8 27. Bxg6 Qxh3# 0-1


[Site "https://www.chess.com"]

[Event "Titled Tuesday Blitz May 23 Early 2023"]
[White "Kushko, Dmitriy"]
[Black "Belov, Alexei"]
[WhiteFideId "14162261"]
[BlackFideId "4128206"]
[WhiteElo "2230"]
[BlackElo "2489"]
[Result "1/2-1/2"]
[Round "03"]
[TimeControl "180+2"]
[Date "2023.05.23"]
[WhiteClock "0:00:13"]
[BlackClock "0:00:29"]

1. Nf3 d5 2. g3 Nf6 3. Bg2 e6 4. O-O Be7 5. d4 O-O 6. c4 dxc4 7. Ne5 Nc6 8. Bxc6 bxc6 9. Nd2 Bb7 10. Ndxc4 c5 11. Na5 Bd5 12. Nac6 Qe8 13. Nxe7+ Qxe7 14. Bg5 cxd4 15. Qxd4 Rfd8 16. Ng4 e5 17. Qxe5 Qxe5 18. Nxe5 Re8 19. Bxf6 gxf6 20. Ng4 Kg7 21. Ne3 Be6 22. Rfc1 Red8 23. Rxc7 Rd2 24. Rc2 Rxc2 25. Nxc2 Rd8 26. e3 Rd2 27. Nd4 Rxb2 28. a4 Bd5 29. a5 h5 30. h3 Kg6 31. g4 hxg4 32. hxg4 a6 33. Ra4 Kg5 34. Nf5 Rb1+ 35. Kh2 Rh1+ 36. Kg3 Rg1+ 37. Kh3 Rh1+ 38. Kg3 Rg1+ 39. Kh3 Rh1+ 40. Kg3 1/2-1/2


[Site "https://www.chess.com"]

[Event "Titled Tuesday Blitz May 23 Early 2023"]
[White "Dimitrov, Atanas"]
[Black "Ljukin, Sergei"]
[WhiteFideId "2901315"]
[BlackFideId "14102200"]
[WhiteElo "2703"]
[BlackElo "2312"]
[Result "1-0"]
[Round "03"]
[TimeControl "180+2"]
[Date "2023.05.23"]
[WhiteClock "0:00:12"]
[BlackClock "0:00:00"]

1. Nf3 d5 2. c4 c6 3. b3 Nf6 4. Bb2 e6 5. e3 Nbd7 6. Nc3 Bd6 7. Be2 e5 8. d3 a6 9. O-O O-O 10. Rc1 Qe7 11. cxd5 cxd5 12. h3 b5 13. Nd2 Bb7 14. Re1 Rfd8 15. Nf1 Nf8 16. Ng3 Qd7 17. a3 Ng6 18. b4 Rac8 19. Bf1 Bb8 20. Nh5 Qd6 21. Nxf6+ Qxf6 22. Ne2 d4 23. Rxc8 Bxc8 24. exd4 exd4 25. Bxd4 Qd6 26. g3 h5 27. Bc5 Qd5 28. Bg2 Qxd3 29. Qxd3 Rxd3 30. Nd4 Bd7 31. Nc6 Bc7 32. h4 Kh7 33. Be4 Rxa3 34. Rd1 Bxc6 35. Bxc6 Be5 36. Rd7 Rc3 37. Rxf7 Bf6 38. Be4 a5 39. Ra7 axb4 40. Bxb4 Rc4 41. Bxg6+ Kxg6 42. Bd2 b4 43. Rb7 Bc3 44. Be3 Rc5 45. Bxc5 1-0


[Site "https://www.chess.com"]

[Event "Titled Tuesday Blitz May 23 Early 2023"]
[White "Flynn, Jacob"]
[Black "Volkov, Maksim"]
[WhiteFideId "2509393"]
[BlackFideId "54123070"]
[WhiteElo "2053"]
[BlackElo "2297"]
[Result "0-1"]
[Round "03"]
[TimeControl "180+2"]
[Date "2023.05.23"]
[WhiteClock "0:02:16"]
[BlackClock "0:02:02"]

1. d4 d5 2. c4 e6 3. Nc3 c6 4. e3 Nf6 5. Nf3 Nbd7 6. Qc2 Bd6 7. b3 O-O 8. Bb2 b6 9. Be2 Bb7 10. O-O Qe7 11. Rad1 Rad8 12. Rfe1 Rfe8 13. Bf1 c5 14. cxd5 exd5 15. g3 a6 16. Bg2 b5 17. dxc5 Nxc5 18. Nd4 g6 19. Qb1 b4 20. Nce2 Nce4 21. Qa1 Rc8 22. Rc1 Nxf2 23. Kxf2 Qxe3+ 24. Kf1 Ng4 0-1


[Site "https://www.chess.com"]

[Event "Titled Tuesday Blitz May 23 Early 2023"]
[White "Barbot, Pierre"]
[Black "Matinian, Nikita"]
[WhiteFideId "663727"]
[BlackFideId "24129100"]
[WhiteElo "2431"]
[BlackElo "2422"]
[Result "0-1"]
[Round "03"]
[TimeControl "180+2"]
[Date "2023.05.23"]
[WhiteClock "0:00:02"]
[BlackClock "0:00:56"]

1. d4 Nf6 2. Nc3 d5 3. Bf4 c6 4. e3 g6 5. h4 h5 6. Nf3 Bg4 7. Be2 Nbd7 8. Qd2 Bxf3 9. Bxf3 Qb6 10. O-O-O a5 11. e4 e6 12. exd5 cxd5 13. Rhe1 Qc6 14. Qd3 Rc8 15. Nb5 Qb6 16. Qb3 Bb4 17. c3 Qxb5 18. Kb1 O-O 19. cxb4 Qxb4 20. Qxb4 axb4 21. Bd6 Rfe8 22. Bxb4 Nb8 23. Bd6 Nc6 24. Be5 Nxe5 25. dxe5 Nd7 26. b3 Kg7 27. Kb2 Nc5 28. Rd2 Rc6 29. Bd1 Rec8 30. a4 Rb6 31. Re3 Nxa4+ 32. Ka3 Nc3 33. Rc2 Ra6+ 34. Kb4 d4 35. Rd3 Rb6+ 36. Ka3 Ra8+ 37. Kb2 Ra2+ 38. Kc1 Ra1+ 39. Kd2 Rxd1# 0-1


[Site "https://www.chess.com"]

[Event "Titled Tuesday Blitz May 23 Early 2023"]
[White "Camilla_Lee"]
[Black "Fiedorek, Michal"]
[BlackFideId "1199528"]
[WhiteElo "2690"]
[BlackElo "2135"]
[Result "1-0"]
[Round "03"]
[TimeControl "180+2"]
[Date "2023.05.23"]
[WhiteClock "0:00:18"]
[BlackClock "0:00:00"]

1. e4 c5 2. Nf3 Nc6 3. d4 cxd4 4. Nxd4 g6 5. Nc3 Bg7 6. Be3 Nf6 7. Bc4 O-O 8. Bb3 a5 9. f3 a4 10. Nxa4 d5 11. O-O dxe4 12. Nxc6 bxc6 13. Nb6 Rb8 14. Nxc8 Qxc8 15. c3 Rd8 16. Qe2 exf3 17. Qxf3 c5 18. Bf4 Rb6 19. Rad1 c4 20. Rxd8+ Qxd8 21. Bxc4 Rxb2 22. Rd1 Qc8 23. Bb3 h6 24. Bc1 Qc5+ 25. Kh1 Rf2 26. Qe3 Qxe3 27. Bxe3 Rf5 28. h3 Ne4 29. c4 Be5 30. g4 Rf6 31. Kg2 Nc3 32. Rd3 Ra6 33. Bxh6 Kh7 34. Bd2 Kg7 35. Bxc3 1-0


[Site "https://www.chess.com"]

[Event "Titled Tuesday Blitz May 23 Early 2023"]
[White "Turzo, Attila"]
[Black "Jia, Haoxiang"]
[WhiteFideId "704954"]
[BlackFideId "8602999"]
[WhiteElo "2472"]
[BlackElo "2690"]
[Result "1-0"]
[Round "03"]
[TimeControl "180+2"]
[Date "2023.05.23"]
[WhiteClock "0:01:29"]
[BlackClock "0:00:40"]

1. e4 c5 2. Nf3 d6 3. d4 cxd4 4. Nxd4 Nf6 5. Nc3 g6 6. Be3 Bg7 7. f3 O-O 8. Qd2 Nc6 9. Bc4 Bd7 10. O-O-O Rc8 11. Bb3 Ne5 12. Bg5 Rc5 13. Rhe1 b5 14. f4 Nc4 15. Bxc4 bxc4 16. e5 Nd5 17. exd6 Qa5 18. Nxd5 Qxa2 19. Nxe7+ Kh8 20. Qc3 Bg4 21. Qa3 Qxa3 22. bxa3 Bxd1 23. Rxd1 f6 24. Ne6 1-0


[Site "https://www.chess.com"]

[Event "Titled Tuesday Blitz May 23 Early 2023"]
[White "Artemenko, Oleg"]
[Black "Andreev, Konstantin"]
[WhiteFideId "14201798"]
[BlackFideId "24239305"]
[WhiteElo "2287"]
[BlackElo "2106"]
[Result "0-1"]
[Round "03"]
[TimeControl "180+2"]
[Date "2023.05.23"]
[WhiteClock "0:00:11"]
[BlackClock "0:00:05"]

1. d4 Nf6 2. c4 e6 3. Nc3 Bb4 4. e3 O-O 5. Bd2 Re8 6. Nf3 b6 7. Bd3 Bb7 8. O-O d6 9. Qc2 e5 10. Ng5 h6 11. Nge4 Nbd7 12. Nxf6+ Nxf6 13. f3 exd4 14. exd4 d5 15. cxd5 Nxd5 16. Be4 Bf8 17. a3 Rb8 18. Rae1 Nf6 19. Be3 Qd7 20. Bf5 Qc6 21. Bd3 a6 22. Bf2 Bd6 23. Ne4 Qxc2 24. Nxf6+ gxf6 25. Bxc2 Bf4 26. Be4 Bd2 27. Rd1 Bf4 28. g3 Bd6 29. Rfe1 Kg7 30. Kg2 b5 31. Rc1 a5 32. h4 h5 33. Rc2 a4 34. Rce2 Ba6 35. Re3 b4 36. Bc6 Rxe3 37. Rxe3 bxa3 38. bxa3 Rb2 39. Bxa4 Rd2 40. Rc3 Bd3 41. Bc6 Rd1 42. Be3 Bf1+ 43. Kf2 Ba6 44. Be4 Rf1+ 45. Kg2 Ra1 46. Bf2 Bxa3 47. Rxc7 Bf1+ 48. Kh2 Ra2 49. Kg1 Bh3 50. Rxf7+ Kxf7 51. Bd5+ Be6 52. Bxa2 Bxa2 53. Be3 Bd5 54. Kf2 Ke6 55. g4 hxg4 56. fxg4 Be4 57. Kg3 Bd6+ 58. Bf4 Bb4 59. h5 Bc3 60. Be3 Kd5 61. Kf4 Bxd4 62. Bxd4 Kxd4 63. h6 Bh7 64. Kf3 Ke5 65. Ke3 Bg6 66. Kf3 Ke6 67. g5 f5 68. Kf4 Kd5 69. Kf3 Ke5 70. h7 Bxh7 71. g6 Bxg6 72. Kg3 f4+ 73. Kf3 Bh5+ 74. Kf2 Ke4 75. Kf1 Bg4 76. Kf2 f3 77. Kg3 Ke3 78. Kh2 f2 79. Kg2 Bh3+ 80. Kg3 f1=Q 81. Kh4 Qg2 82. Kh5 Bf5 83. Kh6 Qg6# 0-1


[Site "https://www.chess.com"]

[Event "Titled Tuesday Blitz May 23 Early 2023"]
[White "Toropov, Pavel"]
[Black "Alex_Sahakyan2006"]
[WhiteFideId "24129178"]
[WhiteElo "2182"]
[BlackElo "2679"]
[Result "1-0"]
[Round "03"]
[TimeControl "180+2"]
[Date "2023.05.23"]
[WhiteClock "0:00:13"]
[BlackClock "0:00:03"]

1. e4 g6 2. d4 Bg7 3. Nc3 a6 4. h3 b5 5. g4 Bb7 6. Bg2 h5 7. g5 d6 8. h4 Nd7 9. Nge2 c5 10. Be3 b4 11. Nd5 e6 12. Ndf4 cxd4 13. Nxd4 e5 14. Nde6 fxe6 15. Nxg6 Rh7 16. Qxd6 Kf7 17. O-O-O Bc8 18. Bh3 Qe8 19. f4 Bf8 20. Nxf8 Nxf8 21. f5 exf5 22. exf5 Kg7 23. g6 Rh6 24. Bg5 Ra7 25. f6+ Kxg6 26. f7+ Kxf7 27. Bxh6 Nxh6 28. Qxh6 Bxh3 29. Rxh3 Ne6 30. Rf1+ Nf4 31. Rg3 Ke7 32. Rg7+ Kd8 33. Rxa7 Qb5 34. Qd6+ Kc8 35. Qc7# 1-0


[Site "https://www.chess.com"]

[Event "Titled Tuesday Blitz May 23 Early 2023"]
[White "Dehtiarov, Roman"]
[Black "Pham, Le Thao Nguyen"]
[WhiteFideId "14186640"]
[BlackFideId "12401226"]
[WhiteElo "2189"]
[BlackElo "2286"]
[Result "1-0"]
[Round "03"]
[TimeControl "180+2"]
[Date "2023.05.23"]
[WhiteClock "0:00:07"]
[BlackClock "0:00:06"]

1. c4 c6 2. Nf3 d5 3. e3 Nf6 4. Nc3 a6 5. d4 b5 6. cxd5 cxd5 7. Bd3 e6 8. O-O Bb7 9. h3 Nbd7 10. Bd2 Bd6 11. Qe2 O-O 12. a3 Ne4 13. Rfc1 f5 14. Ne1 Qf6 15. f4 g5 16. Nf3 gxf4 17. exf4 Qh6 18. Bxe4 dxe4 19. Ne5 Nf6 20. Na2 Nd5 21. Nb4 Bxb4 22. Bxb4 Rfc8 23. Bd2 Qg7 24. Kh2 Rxc1 25. Rxc1 Rc8 26. Rxc8+ Bxc8 27. Bc1 Bd7 28. Qc2 Be8 29. Qc8 Qe7 30. Bd2 Kg7 31. Be1 Nxf4 32. Bg3 Ne2 33. Bf2 f4 34. d5 e3 35. Be1 exd5 36. Nf3 Qd7 37. Qb8 Qf5 38. Qxe8 d4 39. Qe7+ Kh6 40. Qd6+ Qg6 41. Qe5 Ng3 42. Qxf4+ Kh5 43. Qh4# 1-0


[Site "https://www.chess.com"]

[Event "Titled Tuesday Blitz May 23 Early 2023"]
[White "Rodchenkov, Sergey D."]
[Black "Koellner, Ruben Gideon"]
[WhiteFideId "4168712"]
[BlackFideId "12993093"]
[WhiteElo "2277"]
[BlackElo "2314"]
[Result "1-0"]
[Round "03"]
[TimeControl "180+2"]
[Date "2023.05.23"]
[WhiteClock "0:00:08"]
[BlackClock "0:00:00"]

1. e4 d6 2. d4 Nf6 3. Nc3 e5 4. Nf3 Nbd7 5. Bc4 Be7 6. O-O c6 7. Qe2 h6 8. a4 Qc7 9. h3 Nf8 10. Rd1 g5 11. a5 Ng6 12. a6 b5 13. dxe5 dxe5 14. Bb3 g4 15. Nh2 gxh3 16. g3 h5 17. Bg5 Ng4 18. Bxe7 Qxe7 19. Rd2 Kf8 20. Rad1 Kg7 21. Nf1 h4 22. f3 Qc5+ 23. Kh1 hxg3 24. Nxg3 Nf2+ 25. Qxf2 Qe7 26. Rg1 Qf6 27. Qh2 Kf8 28. Qf2 h2 29. Rgd1 Kg7 30. Rd6 Qh4 31. Rd7 Bxd7 32. Rxd7 Qf6 33. Nf5+ Kf8 34. Qc5+ Kg8 35. Bxf7+ Qxf7 36. Rxf7 Kxf7 37. Qxc6 1-0


[Site "https://www.chess.com"]

[Event "Titled Tuesday Blitz May 23 Early 2023"]
[White "Shukhman, Anna"]
[Black "Nagare Kaivalya Sandip"]
[WhiteFideId "54180058"]
[BlackFideId "25957929"]
[WhiteElo "2235"]
[BlackElo "2024"]
[Result "1-0"]
[Round "03"]
[TimeControl "180+2"]
[Date "2023.05.23"]
[WhiteClock "0:00:53"]
[BlackClock "0:00:22"]

1. e4 c5 2. Nf3 d6 3. d4 cxd4 4. Nxd4 Nf6 5. Nc3 a6 6. Qd3 e5 7. Nf5 Be6 8. Bg5 Bxf5 9. exf5 Be7 10. O-O-O Nbd7 11. f4 O-O 12. fxe5 Nxe5 13. Qh3 Rc8 14. Bxf6 Bxf6 15. Nd5 Qa5 16. Nxf6+ gxf6 17. Kb1 Qc5 18. Bd3 d5 19. Rhe1 Rfe8 20. Qg3+ Kh8 21. Qh4 Rc6 22. Qh6 Rec8 23. Rxe5 Qd4 24. Ree1 Rb6 25. Qc1 a5 26. Ka1 a4 27. c3 Qc5 28. a3 Rbc6 29. Qe3 Qa5 30. Bb1 b5 31. Rxd5 Qc7 32. Qe7 Qxe7 33. Rxe7 b4 34. axb4 a3 35. bxa3 Rxc3 36. Kb2 R3c4 37. Rxf7 Rf4 38. Rdd7 Rh4 39. b5 Rg8 40. b6 Rxg2+ 41. Bc2 Rg8 42. b7 Rb8 43. Rc7 Rxh2 44. Rc8+ 1-0


[Site "https://www.chess.com"]

[Event "Titled Tuesday Blitz May 23 Early 2023"]
[White "Hua, Lefong"]
[Black "merinasian"]
[WhiteFideId "2602253"]
[WhiteElo "2645"]
[BlackElo "2464"]
[Result "1-0"]
[Round "03"]
[TimeControl "180+2"]
[Date "2023.05.23"]
[WhiteClock "0:00:22"]
[BlackClock "0:00:00"]

1. d4 Nf6 2. c4 e6 3. Nc3 Bb4 4. f3 d5 5. a3 Bxc3+ 6. bxc3 O-O 7. cxd5 exd5 8. e3 c5 9. Bd3 Nc6 10. Ne2 Re8 11. O-O b6 12. Ng3 Be6 13. Ra2 Rc8 14. Re2 Na5 15. Bb1 Bd7 16. Rfe1 Bb5 17. Rf2 Rc7 18. e4 dxe4 19. fxe4 cxd4 20. cxd4 Rd7 21. d5 Nc4 22. Bg5 Rd6 23. Nf5 Ne5 24. Nxd6 Qxd6 25. Bxf6 gxf6 26. Re3 Ng6 27. Qd4 Re5 28. Ref3 Kg7 29. g3 Kh6 30. Rxf6 Qxa3 31. Qd2+ 1-0


[Site "https://www.chess.com"]

[Event "Titled Tuesday Blitz May 23 Early 2023"]
[White "Castellanos Gomez, Alejandro"]
[Black "Chor, Kevin"]
[WhiteFideId "22284141"]
[BlackFideId "2090740"]
[WhiteElo "2158"]
[BlackElo "2643"]
[Result "0-1"]
[Round "03"]
[TimeControl "180+2"]
[Date "2023.05.23"]
[WhiteClock "0:00:52"]
[BlackClock "0:01:07"]

1. d4 Nf6 2. Bf4 g6 3. Nc3 d5 4. Qd2 Bg7 5. Bh6 Bxh6 6. Qxh6 c5 7. O-O-O cxd4 8. Rxd4 Nc6 9. Rd1 Bf5 10. e4 Nxe4 11. Nxd5 Qa5 12. Qg7 O-O-O 13. Bc4 e6 14. Nc3 Rxd1+ 15. Kxd1 Qd8+ 16. Ke1 Qd2+ 17. Kf1 Qxf2# 0-1


[Site "https://www.chess.com"]

[Event "Titled Tuesday Blitz May 23 Early 2023"]
[White "Colas, Joshua"]
[Black "Filipascu"]
[WhiteFideId "2044447"]
[WhiteElo "2347"]
[BlackElo "2462"]
[Result "0-1"]
[Round "03"]
[TimeControl "180+2"]
[Date "2023.05.23"]
[WhiteClock "0:00:00"]
[BlackClock "0:00:29"]

1. c4 e5 2. Nc3 Nf6 3. Nf3 Nc6 4. e4 Bb4 5. d3 O-O 6. a3 Bc5 7. b4 Bd4 8. Nxd4 Nxd4 9. Ne2 Ne6 10. g3 c6 11. Bb2 d6 12. Bg2 Re8 13. O-O h5 14. f4 Ng4 15. Qd2 Qb6+ 16. d4 exd4 17. Nxd4 c5 18. Nxe6 Bxe6 19. h3 Nf6 20. Rac1 cxb4+ 21. Bd4 Qa6 22. axb4 Bxc4 23. Ra1 Qc6 24. e5 Ne4 25. Qe3 d5 26. Rfc1 b5 27. f5 Qh6 28. Qxh6 gxh6 29. g4 hxg4 30. hxg4 h5 31. gxh5 Ng3 32. Bf3 Nxf5 33. Kf2 Nxd4 34. Rg1+ Kh7 35. Bg4 Rxe5 36. Rad1 Ne6 37. Kf3 Rg8 38. Bh3 Be2+ 0-1


[Site "https://www.chess.com"]

[Event "Titled Tuesday Blitz May 23 Early 2023"]
[White "Ilkhomi, Jaloliddin"]
[Black "Avazkhonov, Alikhon"]
[WhiteFideId "14700948"]
[BlackFideId "14208504"]
[WhiteElo "2045"]
[BlackElo "1739"]
[Result "1-0"]
[Round "03"]
[TimeControl "180+2"]
[Date "2023.05.23"]
[WhiteClock "0:02:24"]
[BlackClock "0:00:04"]

1. Nf3 d5 2. d4 c6 3. c3 Bg4 4. Bf4 Nf6 5. Nbd2 Nbd7 6. Qb3 Qb6 7. e3 e6 8. Ne5 Bf5 9. Bd3 Bxd3 10. Nxd3 Be7 11. O-O O-O 12. Rae1 Qxb3 13. axb3 Ne4 14. Nxe4 dxe4 15. Ne5 Nxe5 16. Bxe5 a5 17. Ra1 Ra6 18. Ra2 Rfa8 19. Rfa1 Bd8 20. Bd6 f5 21. Kf1 Kf7 22. Ke2 Ke8 23. f3 Kd7 24. Be5 exf3+ 25. gxf3 Bf6 26. Bxf6 gxf6 27. Rg1 Re8 28. Rg7+ Re7 29. Rg8 Re8 30. Rg3 e5 31. dxe5 fxe5 32. Ra1 c5 33. Rd1+ Rd6 34. Rxd6+ Kxd6 35. Rh3 Re7 36. Kd3 e4+ 37. fxe4 fxe4+ 38. Kc4 Rg7 39. Rh6+ Rg6 40. Rxg6+ hxg6 41. Kb5 Ke5 42. Kxc5 Kf5 43. Kd4 g5 44. h3 g4 45. hxg4+ 1-0


[Site "https://www.chess.com"]